cohdb
Replays
Latest Replays
All Replays
Popular Replays
Top Player Replays
Match Explorer
How It Works
Community
CoH3 Stats
Reddit
Sign in to upload your games and track your stats! →
Sign in with Steam
Match 28725824
Unlisted
Match 28725824
Overview
Messages
Build Orders
End
Construct Infanterie Kompanie
Selects Mechanized Battlegroup
MG 42 Machine Gun Team
Grenadier Squad
MG 42 Machine Gun Team
Grenadier Squad
GrW 34 Mortar Team
Construct Luftwaffe Kompanie
Medical Station
Stennix
pagep
Rajhin
suora
0
0
Comments
sign in to comment!
No comments posted yet!